 Dungeon Crawl Stone Soup version 0.30-a0-373-gd37427bb62 (webtiles) character file.

Game seed: 17617728044783585485

1233 NinjaNoafa the Cleaver (level 8, -1/60 (64) HPs)
             Began as a Minotaur Fighter on Nov 23, 2022.
             Was an Initiate of Gozag.
             Slain by an ufetubus (3 damage)
             ... on level 6 of the Dungeon.
             The game lasted 00:05:18 (3701 turns).

NinjaNoafa the Cleaver (Minotaur Fighter)           Turns: 3701, Time: 00:05:19

HP:   -1/60 (64)    AC: 16    Str: 23    XL:     8   Next: 24%
MP:   7/7           EV:  6    Int:  5    God:    Gozag
Gold: 270           SH:  9    Dex: 10    Spells: 7/7 levels left

rFire   . . .      SeeInvis .    a - +0 war axe
rCold   . . .      Faith    .    c - +0 buckler
rNeg    . . .      Spirit   .    l - +0 plate armour
rPois   .          Reflect  +    (helmet restricted)
rElec   .          Harm     .    y - +1 cloak
rCorr   .          Rampage  .    (no gloves)
Will    .....                    G - +2 pair of boots
Stlth   ..........               s - amulet of reflection
HPRegen 0.30/turn                (no ring)
MPRegen 0.10/turn                (no ring)

@: mighty, gold aura, drained
A: horns 2, retaliatory headbutt
a: Renounce Religion, Potion Petition, Call Merchant, Bribe Branch


You were on level 6 of the Dungeon.
You worshipped Gozag.
Gozag was aware of your devotion.
You visited 1 branch of the dungeon, and saw 6 of its levels.

You collected 341 gold pieces.
You paid 71 gold pieces to Gozag.

Inventory:

Hand Weapons
 a - a +0 war axe (weapon)
Missiles
 e - 32 stones (quivered)
 n - 3 boomerangs
 r - 5 poisoned darts
 x - 5 curare-tipped darts
 F - 5 atropa-tipped darts
Armour
 c - a +0 buckler (worn)
 l - a +0 plate armour (worn)
 y - a +1 cloak (worn)
 G - a +2 pair of boots (worn)
Jewellery
 b - a ring of fire
 k - a ring of fire
 s - an amulet of reflection (around neck)
Wands
 C - a wand of flame (28)
Scrolls
 f - a scroll of poison {unknown}
 g - a scroll of butterflies {unknown}
 m - a scroll of amnesia {unknown}
 o - a scroll of blinking {unknown}
 q - 5 scrolls of identify {unknown}
 t - a scroll of enchant weapon {unknown}
 A - a scroll of enchant armour {unknown}
 E - a scroll of fear {unknown}
Potions
 h - a potion of attraction {unknown}
 i - a potion of mutation {unknown}
 j - 3 potions of heal wounds {unknown}
 p - a potion of curing {unknown}
 u - a potion of flight {unknown}
 v - 2 potions of lignification {unknown}
 w - 2 potions of degeneration {unknown}
 z - a potion of resistance {unknown}
 B - a potion of invisibility {unknown}
 D - a potion of ambrosia {unknown}


   Skills:
 - Level 3.6 Fighting
 + Level 12.0 Axes
 - Level 3.6 Armour
 - Level 3.6 Shields


You had 7 spell levels left.
You didn't know any spells.
Your spell library contained the following spells:

 Spells                   Type           Power      Damage    Failure   Level
 Portal Projectile        Hex/Tloc       0%         N/A       100%        3
 Tukima's Dance           Hex            0%         N/A       100%        3
 Blade Hands              Tmut           0%         N/A       100%        5


Dungeon Overview and Level Annotations

Branches:
Dungeon (6/15)
 Temple: D:4-7

Altars:
Gozag
Nemelex Xobeh

Shops:
D:3 :

Annotations:
D:5 2 transporters, bande's ghost, novice GrFi


Innate Abilities, Weirdness & Mutations

You have a pair of horns on your head.
You reflexively headbutt those who attack you in melee.


Message History

The adder bites you but does no damage. You block the ice beast's attack.
You slice the ice beast!!
You kill the ice beast!
You slash the centaur!
You kill the centaur!
You hear a splash.
You hit the ufetubus. You closely miss the adder.
The wight is no longer distracted by gold.
The ufetubus hits you.
* * * LOW HITPOINT WARNING * * *
You block the ufetubus's attack. The adder barely misses you.
The wight completely misses you.
Your life force feels restored.
Your Axes skill increases to level 12!
The adder attacks as you move away! The adder bites you but does no damage.
The wight attacks as you move away! You block the wight's attack.
The ufetubus closely misses you.
The ufetubus hits you but does no damage.
The adder is distracted by your dazzling golden aura.
The ufetubus is distracted by your dazzling golden aura.
You block the wight's attack.
The ufetubus shouts!
The adder hisses angrily.
You hit the wight but do no damage. You closely miss the wight.
You closely miss the ufetubus.
The ufetubus is no longer distracted by gold.
The wight hits you but does no damage.
The ufetubus hits you but does no damage. x2
You hit the wight.
The wight is heavily damaged.
You miss the ufetubus. You hit the wight.
The ufetubus hits you but does no damage.
The ufetubus barely misses you. The wight hits you with a +2 hand axe.
* * * LOW HITPOINT WARNING * * *
You feel drained.
* * * LOW HITPOINT WARNING * * *
The wight hits you with a +3 spear.
* * * LOW HITPOINT WARNING * * *
You feel drained. The ufetubus hits you.
You die...
Your body crumbles into a pile of gold.

##### #..<#
#.##################
#.......##..........
#.####.....# #...##
#.# ##....# #..~..#
#.# #....##.)~~~..
#.# #...$#z.~~~~~.
#.# #[...@5$~~~~~~
#+# #.....z$~~~~~~ ⌠
##.##.S$~~~~~~
...###..~~~~~. #####
##(.~~~.. #..~..#
#...## #.## ..


You could see 2 wights, an adder and an ufetubus.

Vanquished Creatures
  Edmund (D:5)
  An ice beast (D:6)
  A centaur (D:6)
  A kobold brigand (D:6)
  A bullfrog (D:4)
  A necrophage (D:5)
  2 scorpions (D:5)
  6 wights
  An orc priest (D:4)
  3 iguanas
  An orc wizard (D:4)
  3 gnolls (D:4)
  7 adders
  2 white imps
  4 ufetubi
  4 worms
  2 dart slugs (D:1)
  4 orcs (D:4)
  2 ball pythons
  3 endoplasms
  2 giant cockroaches (D:1)
  4 goblins
  4 hobgoblins
  9 jackals
  7 kobolds
  6 quokkas
  3 bats
  6 frilled lizards
  A rat (D:2)
92 creatures vanquished.

Notes
Turn   | Place    | Note
-------+----------+-------------------------------------------
     0 | D:1      | NinjaNoafa the Minotaur Fighter began the quest for the
                  | Orb.
     0 | D:1      | Reached XP level 1. HP: 19/19 MP: 0/0
    28 | D:1      | Reached skill level 3 in Axes
   106 | D:1      | Reached XP level 2. HP: 26/26 MP: 1/1
   321 | D:1      | Reached skill level 4 in Axes
   552 | D:2      | Found a sparkling altar of Nemelex Xobeh.
   568 | D:2      | Reached XP level 3. HP: 31/31 MP: 2/2
   906 | D:2      | Reached skill level 5 in Axes
   969 | D:2      | Reached XP level 4. HP: 39/39 MP: 3/3
  1426 | D:3      | Found Isewko's Vocational Training.
  1514 | D:3      | Found a faded altar of an unknown god.
  1840 | D:4      | Reached skill level 6 in Axes
  1844 | D:4      | Reached XP level 5. HP: 6/45 MP: 4/4
  2018 | D:4      | Reached skill level 7 in Axes
  2096 | D:4      | Reached XP level 6. HP: 17/49 MP: 5/5
  2097 | D:4      | Reached skill level 8 in Axes
  2529 | D:4      | Reached skill level 9 in Axes
  2609 | D:4      | Found an opulent altar of Gozag.
  2652 | D:4      | Became a worshipper of Gozag Ym Sagoz the Greedy
  2848 | D:5      | Entered Level 5 of the Dungeon
  2929 | D:5      | Reached XP level 7. HP: 52/57 MP: 6/6
  2959 | D:5      | Found a transporter.
  2966 | D:5      | Found a transporter.
  3027 | D:5      | Noticed a small abomination
  3041 | D:5      | Noticed Edmund
  3061 | D:5      | Killed Edmund
  3062 | D:5      | Reached skill level 10 in Axes
  3308 | D:5      | Noticed bande's ghost (novice GrFi)
  3691 | D:6      | Reached skill level 11 in Axes
  3692 | D:6      | Reached XP level 8. HP: 30/64 MP: 7/7
  3699 | D:6      | Reached skill level 12 in Axes
  3701 | D:6      | HP: 2/62 [wight/+3 spear (5)]
  3701 | D:6      | Slain by an ufetubus

Illustrated notes

Levels and vault maps discovered:
D:1:      onia_arrival_pentagram, layout_rooms, minivault_4
D:2:      layout_loops_cross, basic_altar, minmay_between
D:3:      layout_loops_cross, dreamdust_ecumenical_altar_grove,
          nicolae_shop_vocational
D:4:      layout_rooms, grunt_gozag_breadcrumbs, hangedman_decor_diamond_cutter
D:5:      layout_basic, nicolae_overflow_hidden_temple,
          gammafunk_ghost_abyssal_escape, uniq_edmund
D:6:      layout_basic, temple_doors_e, amcnicky_mini_pool_medium

Skill      XL: |  1  2  3  4  5  6  7  8 |
---------------+-------------------------+-----
Axes           | 3 4 5 6 7 9 11 12 | 12.0
Fighting       | |  3.6
Armour         | |  3.6
Shields        | |  3.6

Action                   |  1- 3 |  4- 6 |  7- 9 || total
-------------------------+-------+-------+-------++-------
Melee: War axe           |    78 |   118 |    46 ||   242
       Headbutt          |     4 |    18 |     9 ||    31
  Use: Potion            |       |       |     1 ||     1
Armor: Scale mail        |    25 |       |       ||    25
       Plate armour      |    33 |    64 |    40 ||   137
Dodge: Dodged            |    43 |    39 |    21 ||   103
Block: Buckler           |    15 |    60 |    31 ||   106
       Reflection        |       |       |     1 ||     1

Table legend: (Time is in decaauts)
 A = Elapsed time spent in this place.
 B = Non-inter-level travel time spent in this place.
 C = Inter-level travel time spent in this place.
 D = Time resting spent in this place.
 E = Time spent auto-exploring this place.
 F = Levels seen in this place.
 G = Mean time per level.
                   A        B        C        D        E       F      G
               +--------+--------+--------+--------+--------+-----+--------+
         Total |   3752 |   3601 |    151 |      0 |   2835 |   6 |  625.3 |
       Dungeon |   3752 |   3601 |    151 |      0 |   2835 |   6 |  625.3 |
               +--------+--------+--------+--------+--------+-----+--------+

Top non-repeatable levels by time:
     D:4: 1048 daAuts
     D:5: 818 daAuts
     D:2: 671 daAuts
     D:3: 607 daAuts
     D:1: 570 daAuts
     D:6: 36 daAuts
